AoeStats
← Artor

Arena

507732960Analyzed
4v4 RM · 11d ago on Sep 19, 2026· 58m 28s· 8 players
Game mode
Random Map
Map size
Large (8 player)
Population
200
Speed
Normal
Resources
Standard
Victory
Conquest
Starting age
Dark Age
Ending age
Imperial Age
RankedLock teamsTeams togetherTeam positionsShared explorationLock speedFull tech treeHidden civsTurbo modeCheats
Victory
Defeat
🇹🇼 Britons · Taiwan
1041
+14
🇹🇼 Burgundians · Taiwan
1036
+14
🇺🇸 Khmer · United States
1002
+16
🇩🇪 Hindustanis · Germany
995
+16
🇹🇼 Celts · Taiwan
1024
-17
🇹🇼 Georgians · Taiwan
993
-15
🇹🇼 Britons · Taiwan
980
-14
🇹🇼 Franks · Taiwan
980
-14
hotzmann
11:02 Feudal Age
14:09 Castle Age
11:59 Double-Bit Axe
12:16 Horse Collar
15:18 Bow Saw
17:24 Wheelbarrow
16:48 Gold Mining
19:15 Gold Shaft Mining
20:27 Hand Cart
22:17 Loom
25:41 Imperial Age
23:24 Stone Mining
27:13 Town Watch
30:13 Heavy Plow
32:19 Forging
31:32 Pikeman
33:19 Crop Rotation
33:08 Scale Mail Armor
34:36 Chain Mail Armor
35:25 Iron Casting
36:19 Halberdier
38:39 Sanctity
39:54 Blast Furnace
41:15 Fletching
43:10 Elite Ballista Elephant
43:59 Scale Barding Armor
46:11 Double Crossbow
47:13 Bodkin Arrow
47:56 Chain Barding Armor
Artor
3:54 Loom
11:49 Feudal Age
18:00 Castle Age
18:33 Horse Collar
18:41 Double-Bit Axe
18:50 Stone Mining
18:53 Gold Mining
24:42 Scale Barding Armor
25:50 Heavy Plow
26:36 Forging
27:47 Chain Barding Armor
30:33 Iron Casting
33:33 Bloodlines
33:50 Husbandry
36:04 Wheelbarrow
36:08 Gold Shaft Mining
42:52 Imperial Age
40:43 Hand Cart
40:41 Bow Saw
43:41 Heavy Camel Rider
44:59 Plate Barding Armor
47:07 Chemistry
46:17 Shatagni
46:39 Conscription
48:14 Two-Man Saw
50:50 Ballistics
虎戰
2:33 Loom
10:59 Feudal Age
10:01 Double-Bit Axe
17:32 Castle Age
16:14 Bow Saw
16:11 Horse Collar
19:57 Cavalier
21:55 Fletching
22:34 Bodkin Arrow
22:52 Pikeman
26:36 Wheelbarrow
27:08 Two-Man Saw
26:12 Heavy Plow
28:40 Squires
29:14 Forging
33:27 Imperial Age
32:12 Hand Cart
31:26 Man-at-Arms
32:45 Crop Rotation
33:30 Town Watch
34:09 Gold Mining
34:51 Cavalier
36:25 Scale Barding Armor
36:31 Husbandry
36:05 Halberdier
36:56 Burgundian Vineyards
36:15 Paladin
38:16 Iron Casting
38:31 Town Patrol
39:21 Chain Barding Armor
41:43 Light Cavalry
45:52 Hussar
48:56 Blast Furnace
48:32 Plate Barding Armor
48:41 Conscription
51:08 Caravan
54:36 Gold Shaft Mining
莖鋼狼
0:27 Loom
10:28 Feudal Age
16:29 Castle Age
14:52 Double-Bit Axe
22:44 Fletching
23:12 Horse Collar
34:04 Imperial Age
33:50 Bow Saw
33:53 Bodkin Arrow
34:44 Pikeman
35:25 Squires
35:11 Gambesons
36:04 Arson
36:44 Gold Mining
37:41 Wheelbarrow
38:10 Conscription
38:43 Halberdier
43:50 Chemistry
43:11 Ballistics
44:21 Bracer
44:27 Scale Barding Armor
44:23 Padded Archer Armor
44:23 Scale Mail Armor
44:34 Forging
45:19 Gold Shaft Mining
46:18 Light Cavalry
46:59 Husbandry
47:18 Stone Mining
48:56 Coinage
48:49 Chain Barding Armor
48:45 Leather Archer Armor
50:27 Treadmill Crane
51:08 Elite Longbowman
52:55 Warwolf
[xLERx] littleseven
10:25 Feudal Age
10:41 Loom
15:55 Castle Age
14:14 Double-Bit Axe
14:30 Horse Collar
15:08 Stone Mining
21:51 Bow Saw
26:18 Wheelbarrow
31:22 Imperial Age
28:52 Gold Mining
29:21 Stronghold
29:24 Town Watch
29:49 Heavy Plow
40:23 Imperial Age
40:15 Hand Cart
40:41 Gold Shaft Mining
40:49 Scale Barding Armor
40:48 Scale Mail Armor
40:58 Forging
41:40 Conscription
42:33 Chain Mail Armor
44:30 Iron Casting
46:34 Blast Furnace
46:05 Plate Mail Armor
47:33 Plate Mail Armor
51:17 Elite Woad Raider
[xLERx] Eddie
2:06 Loom
11:39 Feudal Age
15:40 Castle Age
15:38 Double-Bit Axe
18:32 Scale Barding Armor
23:14 Chain Barding Armor
30:50 Bow Saw
35:46 Imperial Age
33:13 Gold Mining
33:52 Forging
35:53 Iron Casting
35:19 Scale Mail Armor
34:41 Pikeman
35:22 Squires
35:54 Cavalier
38:04 Plate Barding Armor
37:35 Chivalry
38:32 Conscription
38:33 Husbandry
38:34 Halberdier
46:28 Blast Furnace
46:03 Light Cavalry
48:36 Chain Mail Armor
48:29 Caravan
51:55 Plate Mail Armor
53:55 Fletching
54:05 Padded Archer Armor
56:15 Arson
[xLERx] wuchen
9:47 Feudal Age
12:36 Loom
16:09 Castle Age
14:53 Double-Bit Axe
18:27 Wheelbarrow
17:50 Fletching
17:43 Horse Collar
27:15 Bodkin Arrow
29:15 Gold Mining
31:40 Ballistics
34:56 Imperial Age
32:58 Elite Skirmisher
33:02 Crossbowman
33:06 Pikeman
33:49 Padded Archer Armor
33:52 Scale Mail Armor
34:04 Forging
36:32 Bracer
38:12 Chemistry
40:50 Halberdier
41:29 Arbalester
43:33 Chain Mail Armor
43:53 Iron Casting
54:28 Yeomen
56:15 Light Cavalry
[xLERx] Badoyau
10:38 Feudal Age
13:00 Double-Bit Axe
13:22 Horse Collar
15:55 Castle Age
19:10 Bow Saw
23:16 Wheelbarrow
22:30 Town Watch
22:31 Loom
30:02 Imperial Age
27:59 Stone Mining
27:59 Gold Mining
28:18 Scale Barding Armor
28:31 Hand Cart
28:28 Forging
28:42 Bloodlines
29:02 Husbandry
29:16 Pikeman
30:17 Chain Barding Armor
30:33 Iron Casting
30:55 Stone Shaft Mining
30:22 Heavy Plow
30:55 Cavalier
32:46 Plate Barding Armor
35:53 Man-at-Arms
36:20 Gambesons
36:54 Fletching
37:07 Scale Mail Armor
38:08 Blast Furnace
36:35 Long Swordsman
37:57 Halberdier
38:39 Squires
38:29 Long Swordsman
39:39 Long Swordsman
41:14 Crop Rotation
41:10 Squires
40:31 Halberdier
40:57 Arson
41:28 Chain Mail Armor
41:15 Two-Handed Swordsman
42:53 Plate Mail Armor
42:36 Siege Engineers
42:41 Masonry
42:44 Fortified Wall
42:12 Champion
43:54 Conscription
48:39 Capped Ram
49:44 Elite Skirmisher
50:28 Padded Archer Armor
56:26 Ballistics
Connection lost

Rejoining the realm…

Still unreachable

The connection could not be restored.

Session expired

The server has moved on; the page needs a fresh start.